 Dungeon Crawl Stone Soup version 0.31.0-9-g3a7656b989 (webtiles) character file.

Game seed: 1013901513554588077

3289577 Jannitor the Unseen (level 27, 148/148 (149) HPs)
             Began as a Vine Stalker Necromancer on Jan 22, 2024.
             Was a High Priest of Ashenzari.
             Escaped with the Orb
             ... and 5 runes on Jan 26, 2024!
             The game lasted 03:46:26 (65694 turns).

Jannitor the Unseen (Vine Stalker Necromancer)     Turns: 65694, Time: 03:46:27

HP:   148/148 (149) AC: 31    Str: 18    XL:     27
MP:   35/38         EV: 22    Int: 28    God:    Ashenzari [*****.]
Gold: 3635          SH: 19    Dex: 21    Spells: 8/65 levels left

rFire   + + .        V - +9 quick blade (drain)
rCold   . . .        l - +5 Storm Queen's Shield {shock, Fly rElec, Cun, Sorc} (curse)
rNeg    . . .        M - +4 swamp dragon scales
rPois   +            y - +2 helmet of the Visionary Burden {Int+3, Dev, Sorc} (curse)
rElec   +            Y - +4 dragonskin cloak {Melee, Range} (curse)
rCorr   +            g - +2 pair of gloves of the Manifest Morality {infuse, Cun, Comp} (curse)
SInv    +            J - +2 pair of boots "Overhang to Understand" {Fly, Self, Bglg} (curse)
Will    +++..        N - amulet "Lashed Together" {Regen+, Range, Bglg} (curse)
Stlth   +++          E - ring of Supernal Understanding {rPois rF+ rCorr Int+6, Dev, Bglg} (curse)
HPRegen 2.04/turn    R - ring of Supernal Wisdom {rElec Str+7 SInv, Bglg, Dev} (curse)
MPRegen 0.26/turn

%: clarity, guardian spirit, infuse magic (1 MP)
@: flying, studying Staves, lightly drained
A: fangs 3, regeneration 1, magic shield, antimagic bite, no potion heal 2,
talons 2, deterioration 1, dopey 1, fire resistance 1, low MP 2, mutation
resistance 1, weak 1
0: Orb of Zot
}: 5/15 runes: serpentine, barnacled, slimy, silver, abyssal
a: Renounce Religion, Shatter the Chains


You escaped.
You worshipped Ashenzari.
Ashenzari was extremely pleased with you.
You visited 11 branches of the dungeon, and saw 53 of its levels.
You visited the Abyss 1 time.
You also visited: Sewer.

You collected 9959 gold pieces.
You spent 6324 gold pieces at shops.

Inventory:

Hand Weapons
 m - the +7 Spriggan's Knife {stab, EV+4 Stlth+}
   (You bought it in a shop on level 2 of the Orcish Mines)

   Stab:      It is more effective when stabbing unaware enemies, sometimes
   treating them as though they were completely helpless.
   EV+4:      It affects your evasion (+4).
   Stlth+:    It makes you more stealthy.
 u - the +9 rapier of Insufficient Pleasure {heavy, rF+ rCorr}
   (You bought it in a shop on level 8 of the Dungeon)

   rF+:       It protects you from fire.
   rCorr:     It protects you from acid and corrosion.
 V - a +9 quick blade of draining (weapon)
Missiles
 w - 5 throwing nets
Armour
 g - the cursed +2 pair of gloves of the Manifest Morality (worn) {infuse, Cun, Comp}
   (You found it on level 1 of the Elven Halls)

   It has a curse which improves the following skills: Cunning: Dodging and
   Stealth.
   Companions: Summonings and Necromancy.
 l - the cursed +5 Storm Queen's Shield (worn) {shock, Fly rElec, Cun, Sorc}
   (You found it on level 5 of the Vaults)

   Shock:     When it blocks an attack, it may electrocute the attacker.
   This works even against foes who are a short distance away.
   rElec:     It insulates you from electricity.
   Fly:       It grants you flight.
   It has a curse which improves the following skills: Cunning: Dodging and
   Stealth.
   Sorcery:   Conjurations and Alchemy.
 y - the cursed +2 helmet of the Visionary Burden (worn) {Int+3, Dev, Sorc}
   (You found it on level 9 of the Dungeon)

   It has a curse which improves the following skills: Devices: Evocations and
   Shapeshifting.
   Sorcery:   Conjurations and Alchemy.
 C - +0 shadow dragon scales
 J - the cursed +2 pair of boots "Overhang to Understand" (worn) {Fly, Self, Bglg}
   (You found it on level 7 of the Dungeon)

   It has a curse which improves the following skills: Introspection: Fighting
   and Spellcasting.
   Beguiling: Hexes and Translocations.
 M - +4 swamp dragon scales (worn)
 Y - the cursed +4 dragonskin cloak (worn) {Melee, Range}
   (You took it off Tiamat on level 2 of the Realm of Zot)

   Avatar's Aegis: It grants the wearer a chance to resist fire, cold, poison,
   electricity, acid, and negative energy.
   It has a curse which improves the following skills: Melee Combat: Short
   Blades, Long Blades, Axes, Maces & Flails, Polearms, Staves and Unarmed
   Combat.
   Ranged Combat: Ranged Weapons and Throwing.
Jewellery
 z - the ring "Naj Zargh" {rF+ Dex+4}
   (You found it on level 1 of the Vaults)

   [ring of protection from fire]

   Dex+4:     It affects your dexterity (+4).
   rF+:       It protects you from fire.
 E - the cursed ring of Supernal Understanding (left hand) {rPois rF+ rCorr Int+6, Dev, Bglg}
   (You took it off a merfolk on level 4 of the Shoals)

   [ring of intelligence]

   Int+6:     It affects your intelligence (+6).
   rF+:       It protects you from fire.
   rPois:     It protects you from poison rCorr: It protects you from acid and
   corrosion.
   It has a curse which improves the following skills: Devices: Evocations and
   Shapeshifting.
   Beguiling: Hexes and Translocations.
 N - the cursed amulet "Lashed Together" (around neck) {Regen+, Range, Bglg}
   (You found it on level 2 of the Shoals)

   [amulet of regeneration]

   Regen+:    It increases your rate of health regeneration.
   It has a curse which improves the following skills: Ranged Combat: Ranged
   Weapons and Throwing.
   Beguiling: Hexes and Translocations.
 Q - the ring of Tomorrow {Ice MP+9 Dex+4}
   (You took it off a spriggan defender on level 2 of the Depths)

   [ring of ice]

   Ice:       It enhances your ice magic.
   Dex+4:     It affects your dexterity (+4).
   rF-:       It makes you vulnerable to fire.
   rC+:       It protects you from cold.
   MP+9:      It affects your magic capacity (+9).
 R - the cursed ring of Supernal Wisdom (right hand) {rElec Str+7 SInv, Bglg, Dev}
   (You bought it in a shop on level 3 of the Dungeon)

   [ring of see invisible]

   Str+7:     It affects your strength (+7).
   rElec:     It insulates you from electricity.
   SInv:      It lets you see invisible.
   It has a curse which improves the following skills: Beguiling: Hexes and
   Translocations.
   Devices:   Evocations and Shapeshifting.
Wands
 e - a wand of roots (62)
 o - a wand of polymorph (10)
 A - a wand of acid (27)
 D - a wand of paralysis (30)
 I - a wand of flame (129)
 L - a wand of mindburst (37)
 O - a wand of digging (18)
Scrolls
 c - 6 scrolls of silence
 d - 3 scrolls of vulnerability
 f - a scroll of enchant armour
 h - 8 scrolls of fear
 i - 8 scrolls of teleportation
 j - 6 scrolls of fog
 t - 8 scrolls of noise
 v - 5 scrolls of immolation
 S - 4 scrolls of amnesia
 X - 4 scrolls of revelation
Potions
 a - 3 potions of haste
 b - 2 potions of magic
 n - 2 potions of cancellation
 q - 5 potions of invisibility
 r - 7 potions of attraction
 s - 11 potions of brilliance
 B - 5 potions of lignification
 F - 5 potions of enlightenment
 G - 15 potions of heal wounds
 H - 9 potions of might
 K - 24 potions of curing
 P - a potion of mutation
 T - 4 potions of resistance
 U - 2 potions of ambrosia
 W - 3 potions of berserk rage
Miscellaneous
 k - a lightning rod (4/4)
 p - a phial of floods
 x - a sack of spiders
 Z - a phantom mirror


   Skills:
 - Level 15.0(17.0) Fighting
 - Level 14.0(16.0) Short Blades
 - Level 12.7 Armour
 - Level 13.7(16.8) Dodging
 - Level 20.6(23.4) Stealth
 - Level 14.4 Shields
 - Level 18.0(19.9) Spellcasting
 - Level 7.3(10.5) Conjurations
 - Level 13.6(18.6) Hexes
 + Level 11.3(13.4) Summonings
 * Level 14.5(16.5) Necromancy
 + Level 8.0(13.0) Translocations
 + Level 8.6 Air Magic
 - Level 5.5 Earth Magic
 - Level 12.6(15.7) Alchemy
 - Level 4.9(8.9) Evocations


You had 8 spell levels left.
You knew the following spells:

 Your Spells              Type           Power      Damage    Failure   Level
a - Necrotise             Necr           100%       1d9       0%          1
b - Sandblast             Erth           100%       2d20      1%          1
c - Vampiric Draining     Necr           88%        2d12      0%          3
d - Stone Arrow           Conj/Erth      100%       3d13      1%          3
e - Fugue of the Fallen   Necr           88%        N/A       0%          3
f - Passwall              Erth           56%        N/A       1%          3
g - Mephitic Cloud        Conj/Alch/Air  75%        N/A       1%          3
h - Yara's Violent Unrav  Hex/Alch       45%        3d18      1%          5
i - Irradiate             Conj/Alch      40%        3d25      1%          5
j - Jinxbite              Hex            100%       N/A       0%          2
k - Dazzling Flash        Conj/Hex       100%       N/A       1%          3
l - Silence               Hex/Air        40%        N/A       1%          5
m - Blink                 Tloc           100%       N/A       1%          2
n - Enfeeble              Hex            46%        N/A       1%          7
o - Haunt                 Necr/Summ      42%        N/A       6%          7
p - Vhi's Electric Charg  Tloc/Air       100%       N/A       1%          4

Your spell library contained the following spells:

 Spells                   Type           Power      Damage    Failure   Level
 Kiss of Death            Conj/Necr      100%       2d13      0%          1
 Slow                     Hex            100%       N/A       0%          1
 Sting                    Conj/Alch      100%       1d9       0%          1
 Summon Small Mammal      Summ           100%       N/A       0%          1
 Confusing Touch          Hex            93%        N/A       0%          3
 Sigil of Binding         Hex            93%        N/A       0%          3
 Tukima's Dance           Hex            93%        N/A       0%          3
 Apportation              Tloc           100%       N/A       1%          1
 Magic Dart               Conj           100%       1d8       1%          1
 Shock                    Conj/Air       100%       1d9       1%          1
 Call Imp                 Summ           100%       N/A       1%          2
 Cigotuvi's Dreadful Rot  Necr/Alch/Air  100%       N/A       1%          2
 Ensorcelled Hibernation  Hex/Ice        100%       N/A       1%          2
 Lesser Beckoning         Tloc           100%       N/A       1%          2
 Mercury Vapours          Alch/Air       100%       N/A       1%          2
 Momentum Strike          Conj/Tloc      100%       3d10      1%          2
 Searing Ray              Conj           100%       2d8       1%          2
 Gell's Gravitas          Tloc           79%        N/A       1%          3
 Hailstorm                Conj/Ice       55%        3d11      1%          3
 Inner Flame              Hex/Fire       69%        N/A       1%          3
 Summon Ice Beast         Ice/Summ       60%        N/A       1%          3
 Swiftness                Air            66%        N/A       1%          3
 Teleport Other           Tloc           79%        N/A       1%          3
 Volatile Blastmotes      Fire/Tloc      100%       2d18      1%          3
 Airstrike                Air            33%        2d(5-21)  1%          4
 Anguish                  Hex/Necr       45%        N/A       1%          4
 Animate Armour           Summ/Erth      100%       N/A       1%          4
 Animate Dead             Necr           88%        N/A       1%          4
 Brom's Barrelling Bould  Conj/Erth      64%        2d8       1%          4
 Dimensional Bullseye     Hex/Tloc       43%        N/A       1%          4
 Dispel Undead            Necr           88%        3d28      1%          4
 Fulminant Prism          Conj/Alch      40%        3d19      1%          4
 Ignite Poison            Fire/Alch      64%        N/A       1%          4
 Iskenderun's Mystic Bla  Conj/Tloc      76%        2d15      1%          4
 Manifold Assault         Tloc           79%        N/A       1%          4
 Martyr's Knell           Necr/Summ      84%        N/A       1%          4
 Olgreb's Toxic Radiance  Alch           86%        N/A       1%          4
 Passage of Golubria      Tloc           79%        N/A       1%          4
 Sticky Flame             Fire/Alch      64%        2d11      1%          4
 Summon Lightning Spire   Summ/Air       74%        N/A       1%          4
 Alistair's Intoxication  Alch           57%        N/A       1%          5
 Arcjolt                  Conj/Air       34%        1d44      1%          5
 Curse of Agony           Necr           88%        N/A       1%          5
 Death Channel            Necr           44%        N/A       1%          6
 Dispersal                Tloc           39%        N/A       2%          6
 Flame Wave               Conj/Fire      55%        2d13      4%          4
 Scorch                   Fire           54%        2d7       5%          2
 Freezing Cloud           Conj/Ice/Air   29%        6-21      8%          5
 Ozocubu's Armour         Ice            27%        N/A       11%         3
 Lee's Rapid Deconstruct  Erth           28%        3d15*     11%         5
 Conjure Ball Lightning   Conj/Air       34%        3x3d11    11%         6
 Malign Gateway           Summ/Tloc      40%        N/A       13%         7
 Sculpt Simulacrum        Ice/Alch       32%        N/A       22%         6
 Borgnjor's Revivificati  Necr           44%        N/A       26%         8
 Starburst                Conj/Fire      27%        6d9       54%         6
 Plasma Beam              Fire/Air       25%        2x1d38    67%         6
 Summon Horrible Things   Summ           40%        N/A       67%         8
 Disjunction              Tloc           39%        N/A       75%         8
 Ozocubu's Refrigeration  Ice            13%        4d10      100%        7
 Ignition                 Fire           13%        3d6       100%        8
 Lehudib's Crystal Spear  Conj/Erth      32%        10d8      100%        8
 Maxwell's Capacitive Co  Air            33%        ∞         100%        8
 Death's Door             Necr           44%        N/A       99%         9
 Chain Lightning          Conj/Air       34%        3d46      100%        9
 Fire Storm               Conj/Fire      27%        8d7       100%        9
 Polar Vortex             Ice            13%        12d1*     100%        9
 Shatter                  Erth           28%        3d23*     100%        9


Dungeon Overview and Level Annotations

Branches:
Dungeon (15/15)            Temple (1/1) D:6            Lair (5/5) D:9
 Shoals (4/4) Lair:3        Snake (4/4) Lair:3        Slime (5/5) Lair:4
    Orc (2/2) D:10            Elf (3/3) Orc:2        Vaults (5/5) D:14
  Crypt (0/3) Vaults:3     Depths (4/4) D:15            Zot (5/5) Depths:4
  Sewer (visited)

Altars:
Ashenzari
Cheibriados
Dithmenos
Elyvilon
Fedhas
Gozag
Hepliaklqana
Kikubaaqudgha
Makhleb
Nemelex Xobeh
Okawaru
Qazlal
Ru
Sif Muna
Trog
Uskayaw
Vehumet
Wu Jian
Xom
Yredelemnul
Zin
The Shining One
Jiyva

Shops:
D:3 =   D:8 (   D:10 (   D:12 *   Orc:2 :*([   Elf:2 (=   Snake:2 :*
Snake:3 :=:   Vaults:2 *=   Vaults:4 (   Depths:2 :

Portals:
Hell: Depths:1 Depths:2 Depths:3 Depths:4
Abyss: Depths:3
Pandemonium: Depths:1 Depths:2 Depths:3
Ziggurat: Depths:2

Annotations:
D:7 1 runed translucent door, Crazy Yiuf
Shoals:1 2 transporters, Glennnyy's ghost, adept GrFi
Elf:2 3 runed translucent doors
Elf:3 2 transporters, Zero's ghost, veteran GrBe
Vaults:1 3 runed translucent doors, Angmar's ghost, veteran DrAE


Innate Abilities, Weirdness & Mutations

You have razor-sharp teeth.
Your natural rate of healing is unusually fast.
When hurt, damage is shared between your health and your magic reserves.
Your bite disrupts and absorbs the magic of your enemies.
Potions cannot restore your health.
You have razor-sharp toenails.
Your body sometimes deteriorates upon taking damage.
You are dopey. (Int -2)
Your flesh is heat resistant. (rF+)
Your magical capacity is very low. (-20% MP)
You are somewhat resistant to further mutation.
You are weak. (Str -2)


Message History

Your wraith hits the Tzitzimitl but does no damage.
Your phantasmal warrior hits the Tzitzimitl!!
Your wraith hits the Tzitzimitl.
Your wraith drains the Tzitzimitl's vigour!
The Tzitzimitl seems to slow down.
Your wraith completely misses the Tzitzimitl.
Your wraith hits the Tzitzimitl but does no damage.
Your phantasmal warrior closely misses the Tzitzimitl.
You strike the helpless Tzitzimitl from behind!
You stick the Tzitzimitl like a pincushion!!!!
You kill the Tzitzimitl!
An Orb Guardian comes into view.
Your phantasmal warrior gestures at the Orb Guardian.
Your phantasmal warrior blinks!
The Orb Guardian hits your phantasmal warrior!
Your wraith disappears in a puff of smoke! x2
Your phantasmal warrior gestures at the Orb Guardian.
Your phantasmal warrior blinks!
Your phantasmal warrior hits the Orb Guardian!!
The Orb Guardian hits your wraith!
You see here a +0 ring mail.
Casting: Enfeeble (dangerous; 1% risk of failure)
Confirm with . or Enter, or press ? or * to list all spells.
Okay, then.
Unknown command.
Casting: Enfeeble (dangerous; 1% risk of failure)
Confirm with . or Enter, or press ? or * to list all spells.
Aiming: Passwall (safe; 1% risk of failure)
Press: ? - help, Dir - move target A rock wall.
This square is covered in magical glow.
You begin to meditate on the wall.
You continue meditating on the rock.
You block the Orb Guardian's attack.
You continue meditating on the rock.
You block the Orb Guardian's attack.
Your shield discharges, shocking the Orb Guardian!
You finish merging with the rock.
Unknown command.
There is a staircase leading out of the dungeon here.
You have escaped!

#.#.#.####.....## #####
#########.##.#..[.......#####...#
#.......#.##.#.####...#..........
#.#####.#.##.#.# ##.....#.##...#
#...# #.#.##.#.# #..##.#.##...#
#...# #..###############...#.#.#.
#...# #..#.............#.........
#.#####..#.............#####.#.#.
#........#......@......# ##...#
##.......#.............# ##.##
#..###...#.............# #.# .#.#
#..#######.#.###### #.##
##.###.## #{##...##..# #...
##.....#####X##.#.##..# ####
#####.........#...#...#
.###.......[..#.>.#..)#
#..).#####.####...##..#


There were no monsters in sight!

Vanquished Creatures
  the Royal Jelly (Slime:5)
  Tiamat (Zot:2)
  A dread lich (Zot:5)
  Frederick (Vaults:5)
  An ancient lich (Zot:5)
  5 orbs of fire
  A juggernaut (Depths:3)
  Sojobo (Vaults:4)
  Saint Roka (Vaults:5)
  A Killer Klown (Zot:5)
  Jory (Vaults:3)
  5 curse toes
  6 caustic shrikes
  18 golden dragons
  2 bone dragons
  2 Tzitzimimeh
  3 electric golems
  26 Orb Guardians
  Jorgrun (Snake:3)
  16 tentacled monstrosities
  A lich (Depths:2)
  2 sphinxes
  11 acid blobs (Slime:5)
  A walking earthen tome (Depths:2)
  2 titans (Vaults:5)
  3 deep elf blademasters (Elf:3)
  7 quicksilver dragons
  2 deep elf master archers (Elf:3)
  8 death cobs
  A walking frostbound tome (Depths:4)
  2 tentacled starspawn (Abyss:4)
  An ancient champion (Depths:4)
  Frances (Elf:1)
  4 krakens (Shoals:2)
  18 shadow dragons
  Aizul (Snake:1)
  5 tengu reavers
  19 storm dragons
  6 draconian monks
  8 nagarajas
  6 protean progenitors (Zot:2)
  16 rockslimes
  6 frost giants
  4 draconian knights
  18 vault wardens
  3 azure jellies (Slime:5)
  4 iron dragons
  11 fire giants
  9 deep elf sorcerers
  3 draconian scorchers
  A balrug (Depths:2)
  5 draconian shifters
  3 deep elf elementalists (Elf:3)
  5 draconian stormcallers
  25 ironbound preservers
  4 orc warlords
  A reaper (Depths:2)
  A curse skull (Zot:1)
  A ghost moth (Zot:5)
  Louise (Snake:3)
  5 spriggan defenders
  3 vampire knights (Depths:4)
  19 very ugly things
  A formless jellyfish (Vaults:3)
  6 draconian annihilators
  11 quicksilver oozes (Slime:5)
  3 deep elf demonologists
  A juggernaut skeleton (Depths:1)
  9 ironbound thunderhulks
  2 occultists
  17 stone giants
  5 green draconians
  15 black draconians
  6 purple draconians
  Azrael (Snake:1)
  A lorocyproca (Depths:3)
  9 yellow draconians
  12 white draconians
  9 deep elf annihilators
  6 red draconians
  4 spark wasps (Depths:3)
  A starcursed mass (Abyss:4)
  8 dire elephants
  5 war gargoyles
  2 deep elf death magi
  A crystal guardian (Vaults:4)
  An eidolon (Depths:4)
  4 merfolk javelineers (Shoals:4)
  7 ettins
  16 yaktaur captains
  15 fire dragons
  9 merfolk impalers
  7 deep elf high priests
  Josephine (Orc:1)
  10 great orbs of eyes
  10 hydras
  9 rakshasas
  3 salamander tyrants (Snake:4)
  3 peacekeepers
  12 ice dragons
  3 alligators (Snake:3)
  31 vault guards
  3 spriggan air magi
  4 merfolk avatars
  6 ogre magi
  A hell beast (Depths:4)
  9 anacondas
  8 ironbound frosthearts
  14 dancing weapons
  A catoblepas (Lair:5)
  11 centaur warriors
  3 merfolk aquamancers (Shoals:4)
  25 two-headed ogres
  16 tengu warriors
  A two-headed ogre (shapeshifter) (Depths:2)
  A hell hog (Depths:4)
  12 boulder beetles
  7 deep troll earth magi
  5 alligator snapping turtles
  5 satyrs
  7 deep troll shamans
  A thrashing horror (Abyss:4)
  14 naga sharpshooters
  16 death yaks
  3 hell knights (Depths:3)
  3 vampire magi
  2 orc high priests (Vaults:5)
  17 naga warriors
  A storm dragon zombie (Depths:1)
  3 nameless horrors
  13 shock serpents
  4 spriggan berserkers
  9 deep elf knights
  2 spriggans
  A sun demon (Depths:3)
  2 soul eaters
  A skyshark (shapeshifter) (Depths:2)
  A wretched star (Abyss:4)
  3 skysharks
  2 sixfirhies
  3 iron trolls
  3 salamander mystics
  2 sea snakes (shapeshifter)
  4 skeletal warriors (D:12)
  13 sea snakes
  A goliath frog (Snake:3)
  55 deep trolls
  A mana viper (shapeshifter) (Vaults:5)
  An orange crystal statue (Zot:1)
  8 naga ritualists
  An orb spider (shapeshifter) (Vaults:5)
  14 deep elf archers
  13 mana vipers
  2 flayed ghosts (Depths:2)
  5 arcanists
  7 glowing orange brains
  4 lindwurms (Vaults:1)
  4 phantasmal warriors
  12 orc knights
  16 harpies
  19 deep elf pyromancers
  A fire giant zombie (Depths:1)
  20 ironbound convokers
  3 necromancers
  4 oklob plants (Zot:1)
  20 salamanders
  3 lightning spires (Zot:1)
  23 deep elf zephyrmancers
  21 fauns
  11 manticores
  3 orc sorcerers
  7 cyclopes
  4 shining eyes
  28 ugly things
  30 moths of wrath
  A worldbinder (Abyss:4)
  2 stone giant zombies
  15 elephants
  3 meliai (D:15)
  4 merfolk sirens
  10 apocalypse crabs (Zot:2)
  3 gargoyles
  33 black mambas
  5 kobold blastminers
  17 naga magi
  12 cane toads
  3 torpor snails
  4 guardian serpents
  17 vault sentinels
  5 water nymphs
  An eye of devastation (Slime:5)
  4 smoke demons
  A centaur skeleton (D:15)
  A large abomination (Abyss:4)
  An unseen horror (D:11)
  3 kobold demonologists
  A hellion (Depths:3)
  36 yaktaurs
  Maggie (D:7)
  5 freezing wraiths
  9 komodo dragons
  Psyche (D:8)
  6 tengu conjurers
  An ancient zyme (Abyss:4)
  A rime drake (Lair:3)
  2 ice devils
  30 merfolk
  A polar bear (Lair:5)
  A tyrant leech (Zot:2)
  4 wind drakes
  Grinder (D:6)
  A tengu simulacrum (Vaults:3)
  6 trolls
  Prince Ribbit (D:8)
  A glass eye (shapeshifter) (Depths:2)
  3 hornets
  A snapping turtle (shapeshifter) (Depths:3)
  11 snapping turtles
  6 dream sheep (Shoals:3)
  A glass eye (Slime:5)
  A harpy skeleton (D:15)
  26 blink frogs
  A meliai zombie (D:15)
  Sigmund (D:5)
  39 slime creatures
  An ettin zombie (Vaults:3)
  A frost giant simulacrum (Vaults:3)
  2 shadows
  4 water elementals
  An ettin skeleton (Depths:1)
  5 wyverns
  3 vampires
  38 yaks
  A spriggan (shapeshifter) (Vaults:5)
  5 wraiths
  5 fire elementals
  12 basilisks
  A fire bat (Abyss:4)
  4 golden eyes (Slime:3)
  A warg (Orc:2)
  2 neqoxecs
  3 steam dragons (D:8)
  Menkaure (D:6)
  A glowing shapeshifter zombie (Vaults:3)
  A chaos spawn (Abyss:4)
  59 nagas
  2 acid dragons
  12 water moccasins
  Duvessa (D:7)
  5 hell hounds
  A swamp drake (Lair:4)
  23 orc warriors
  A sky beast (D:7)
  A hornet zombie (D:15)
  2 laughing skulls (D:14)
  2 black bears
  An ice beast (D:8)
  14 wolves
  6 boggarts
  27 ogres
  A crocodile (shapeshifter) (Depths:2)
  4 centaurs
  4 kobold brigands
  11 bullfrogs
  4 gnoll sergeants
  3 earth elementals
  3 scorpions
  19 wights
  A burial acolyte (D:9)
  Dowan (D:7)
  7 killer bees
  4 howler monkeys
  3 electric eels
  A gnoll bouda (D:7)
  4 hounds
  A jelly (D:4)
  8 orc priests
  3 sleepcaps
  19 iguanas
  18 orc wizards
  A boggart skeleton (D:15)
  19 gnolls
  A river rat (D:5)
  16 adders
  2 white imps
  An ufetubus (Abyss:4)
  2 adder zombies (D:9)
  7 dart slugs
  A ribbon worm (D:3)
  69 orcs
  3 bats
  9 endoplasms
  4 giant cockroaches
  3 goblins
  7 hobgoblins
  7 jackals
  23 kobolds
  2 quokkas
  7 ball pythons
  20 frilled lizards
  2 jackal zombies (D:9)
  4 rats
  2 aspiring fleshes (Zot:2)
  A starspawn tentacle (Abyss:4)
  5 tentacles (Shoals:2)
2160 creatures vanquished.

Vanquished Creatures (collateral kills)
  2 dread liches (Zot:4)
  2 orbs of fire (Zot:5)
  An ancient lich (Zot:5)
  A Killer Klown (Zot:5)
  A curse toe (Zot:5)
  A Brimstone Fiend (D:13)
  An electric golem (Zot:5)
  An Orb Guardian (Depths:2)
  A death cob (Zot:4)
  An acid blob (Slime:5)
  2 azure jellies
  A deep elf death mage (Elf:3)
  A dire elephant (Snake:1)
  A two-headed ogre (Orc:2)
  A black mamba (Snake:2)
  A naga (Snake:1)
  An ogre (Orc:2)
  A dart slug (Sewer)
  An orc (D:5)
  2 ball pythons (Sewer)
  4 giant cockroaches (Sewer)
  A frilled lizard (Sewer)
29 creatures vanquished.

Vanquished Creatures (others)
  A deep elf master archer (Elf:3)
  A yaktaur captain (Vaults:1)
  2 deep elf knights
  A deep elf pyromancer (D:15)
  A nameless horror (Zot:5)
  A water nymph (Shoals:4)
  2 fire bats (Abyss:4)
  2 starspawn tentacles (Abyss:4)
  14 tentacles
25 creatures vanquished.

Grand Total: 2214 creatures vanquished

Notes
Turn   | Place    | Note
-------+----------+-------------------------------------------
     0 | D:1      | Jannitor the Vine Stalker Necromancer began the quest for
                  | the Orb.
     0 | D:1      | Reached XP level 1. HP: 9/9 MP: 4/4
   997 | D:2      | Reached XP level 2. HP: 13/13 MP: 6/6
  1011 | D:2      | Learned a level 1 spell: Sandblast
  1791 | D:3      | Found a burning altar of Makhleb.
  1930 | D:3      | Reached XP level 3. HP: 11/17 MP: 2/7
  2055 | D:3      | Found Timilla's One-of-a-Kind Rings.
  2057 | D:3      | Noticed a bullfrog
  2137 | D:3      | Reached skill level 3 in Stealth
  2164 | D:3      | Reached skill level 1 in Fighting
  2164 | D:3      | Reached skill level 1 in Short Blades
  2164 | D:3      | Found a glowing drain.
  2173 | Sewer    | Entered a sewer
  2215 | Sewer    | Learned a level 3 spell: Vampiric Draining
  2269 | Sewer    | Reached XP level 4. HP: 22/22 MP: 8/8
  2522 | Sewer    | Learned a level 3 spell: Stone Arrow
  2543 | Sewer    | Reached skill level 1 in Shields
  2584 | Sewer    | Noticed a bullfrog
  2585 | Sewer    | Noticed a bullfrog
  2845 | Sewer    | Killed a bullfrog
  2846 | Sewer    | Reached XP level 5. HP: 25/25 MP: 6/10
  2886 | Sewer    | Reached skill level 1 in Conjurations
  2886 | Sewer    | Reached skill level 1 in Earth Magic
  2886 | Sewer    | Reached XP level 6. HP: 28/30 MP: 3/11
  3203 | D:3      | Found a blossoming altar of Fedhas.
  3206 | D:3      | Found a stormy altar of Qazlal.
  3209 | D:3      | Found a glowing golden altar of the Shining One.
  3454 | D:3      | Reached skill level 4 in Stealth
  4398 | D:4      | Reached XP level 7. HP: 35/35 MP: 12/12
  4692 | D:4      | Identified the +4 ring mail of the Imbibing Gods {+Blink
                  | rC+ Will+ Str-3}
  5107 | D:5      | Entered Level 5 of the Dungeon
  5459 | D:5      | Found an opulent altar of Gozag.
  5845 | D:5      | Noticed Sigmund
  5908 | D:5      | Gained mutation: You have razor-sharp teeth. [Vine Stalker
                  | growth]
  5908 | D:5      | Reached XP level 8. HP: 39/39 MP: 14/14
  6085 | D:5      | Reached skill level 5 in Stealth
  6151 | D:5      | Reached skill level 5 in Necromancy
  6460 | D:6      | Noticed Menkaure
  6543 | D:6      | Found a staircase to the Ecumenical Temple.
  6549 | Temple   | Entered the Ecumenical Temple
  6573 | Temple   | Became a worshipper of Ashenzari the Shackled
  6865 | D:6      | Found a basalt altar of Yredelemnul.
  7406 | D:6      | Noticed Grinder
  7618 | D:7      | Reached skill level 1 in Evocations
  7683 | D:7      | Noticed a komodo dragon
  7745 | D:7      | Reached XP level 9. HP: 17/44 MP: 1/16
  8122 | D:7      | Found a radiant altar of Vehumet.
  8213 | D:7      | Learned a level 3 spell: Fugue of the Fallen
  8217 | D:7      | Learned a level 3 spell: Passwall
  8355 | D:7      | Noticed Duvessa
  8355 | D:7      | Noticed Dowan
  8415 | D:7      | Killed Duvessa
  8421 | D:7      | Killed Dowan
  8422 | D:7      | Reached skill level 6 in Stealth
  8880 | D:7      | Noticed Maggie
  8883 | D:7      | Killed Maggie
  8996 | D:7      | Reached * piety under Ashenzari
  9334 | D:7      | Found a shadowy altar of Dithmenos.
  9366 | D:7      | Found a hazy altar of Hepliaklqana.
  9453 | D:7      | Found a runed translucent door.
  9454 | D:7      | Noticed Crazy Yiuf
  9786 | D:8      | Found Utielohu's Weapon Shop.
  9874 | D:8      | Noticed Psyche
  9878 | D:8      | Killed Psyche
  9879 | D:8      | Reached skill level 5 in Spellcasting
  9906 | D:8      | Reached XP level 10. HP: 46/50 MP: 18/18
 10102 | D:8      | Found a white marble altar of Elyvilon.
 10292 | D:8      | Reached skill level 7 in Stealth
 10512 | D:8      | Noticed Prince Ribbit
 10533 | D:8      | Killed Prince Ribbit
 10968 | D:3      | Bought the ring "Lyaxes" {rElec Str+7 SInv} for 437 gold
                  | pieces
 11061 | D:5      | Killed Sigmund
 11187 | D:6      | Killed Grinder
 12093 | D:9      | Noticed a two-headed ogre
 12117 | D:9      | Noticed a death yak
 12118 | D:9      | Noticed a death yak
 12118 | D:9      | Noticed a death yak
 12136 | D:9      | Killed a two-headed ogre
 12137 | D:9      | Reached skill level 5 in Fighting
 12137 | D:9      | Reached skill level 5 in Short Blades
 12137 | D:9      | Reached skill level 5 in Shields
 12181 | D:9      | Reached XP level 11. HP: 56/56 MP: 22/22
 12211 | D:9      | Found a sparkling altar of Nemelex Xobeh.
 12246 | D:10     | Entered Level 10 of the Dungeon
 12287 | D:10     | Noticed a two-headed ogre
 12287 | D:10     | Found a sacrificial altar of Ru.
 12287 | D:10     | Noticed a two-headed ogre
 12294 | D:10     | Killed a two-headed ogre
 12295 | D:10     | Reached skill level 5 in Dodging
 12295 | D:10     | Reached skill level 8 in Stealth
 12295 | D:10     | Reached skill level 5 in Earth Magic
 12299 | D:10     | Killed a two-headed ogre
 12449 | D:10     | Reached ** piety under Ashenzari
 12506 | D:10     | Found a hide-covered altar of Uskayaw.
 12680 | D:9      | Identified the +6 dagger of Niupim {heavy, *Slow rN+ Int+6}
 12931 | D:9      | Found a staircase to the Lair.
 13001 | D:10     | Found Golola's Antique Weapon Shop.
 13004 | D:10     | Found a staircase to the Orcish Mines.
 13090 | D:11     | Identified a scroll of acquirement
 13095 | D:11     | Acquired a +4 quick blade of freezing
 13101 | D:11     | Noticed a red ugly thing
 13137 | D:11     | Noticed an eight-headed hydra
 13154 | Orc:1    | Entered Level 1 of the Orcish Mines
 13154 | Orc:1    | Noticed a two-headed ogre
 13159 | D:10     | Killed a two-headed ogre
 13290 | D:9      | Found an ancient bone altar of Kikubaaqudgha.
 13475 | D:9      | Learned a level 3 spell: Mephitic Cloud
 13510 | D:9      | Killed a death yak
 13516 | D:9      | Killed a death yak
 13520 | D:9      | Killed a death yak
 13521 | D:9      | Reached skill level 1 in Armour
 13524 | D:9      | Reached XP level 12. HP: 64/64 MP: 25/25
 13725 | D:9      | Noticed a boulder beetle
 13740 | D:9      | Killed a boulder beetle
 13741 | D:9      | Reached skill level 9 in Stealth
 13793 | Lair:1   | Entered Level 1 of the Lair of Beasts
 13892 | Lair:1   | Reached *** piety under Ashenzari
 14191 | Lair:1   | Noticed a boulder beetle
 14208 | Lair:1   | Killed a boulder beetle
 14536 | Lair:1   | Learned a level 5 spell: Yara's Violent Unravelling
 14794 | Lair:2   | Reached **** piety under Ashenzari
 15494 | Lair:2   | Reached XP level 13. HP: 70/70 MP: 28/28
 15718 | Lair:3   | Reached XP level 14. HP: 75/75 MP: 29/29
 15773 | Lair:3   | Reached skill level 10 in Short Blades
 15797 | Lair:3   | Found a staircase to the Snake Pit.
 15939 | Lair:3   | Reached skill level 10 in Stealth
 16723 | Lair:3   | Found a staircase to the Shoals.
 17166 | Lair:4   | Found a viscous altar of Jiyva.
 17167 | Lair:4   | Found a staircase to the Slime Pits.
 17692 | Lair:5   | Entered Level 5 of the Lair of Beasts
 17988 | Lair:5   | Reached skill level 5 in Conjurations
 18321 | Lair:5   | Reached skill level 11 in Stealth
 18643 | Lair:5   | Reached XP level 15. HP: 40/81 MP: 5/31
 18821 | Lair:5   | Reached ***** piety under Ashenzari
 19483 | Orc:2    | Entered Level 2 of the Orcish Mines
 19505 | Orc:2    | Noticed an orc warlord
 19518 | Orc:2    | Killed an orc warlord
 19714 | Orc:2    | Found a staircase to the Elven Halls.
 19730 | Orc:2    | Reached skill level 5 in Armour
 19903 | Orc:1    | Noticed Josephine
 19949 | Orc:1    | Killed Josephine
 19956 | Orc:1    | Reached skill level 12 in Stealth
 20238 | Orc:2    | Found Qoibobep's Assorted Antiques.
 20238 | Orc:2    | Found Diet's Armour Shoppe.
 20239 | Orc:2    | Found Kithidyrgh's Book Emporium.
 20239 | Orc:2    | Found Xiaklu's Antique Weapon Shop.
 20255 | Orc:2    | Bought a scroll of blinking for 217 gold pieces
 21023 | D:12     | Found Tuskac's Pet Rocks.
 21106 | D:12     | Reached XP level 16. HP: 88/88 MP: 33/33
 21572 | Snake:1  | Entered Level 1 of the Snake Pit
 21608 | Snake:1  | Noticed Azrael
 21611 | Snake:1  | Noticed Rupert
 21630 | Snake:1  | Learned a level 4 spell: Martyr's Knell
 21774 | Snake:1  | Killed Azrael
 22075 | Snake:1  | Rupert changed into Rupert the dire elephant
 22075 | Snake:1  | Noticed Rupert
 22143 | Snake:1  | Killed Rupert the dire elephant
 22447 | Snake:1  | Identified the serpent talisman of the Imp {Int+5 Dex+2
                  | Stlth-}
 22447 | Snake:1  | Noticed Aizul
 22469 | Snake:1  | Killed Aizul
 23160 | Snake:2  | Acquired 1189 gold pieces
 23339 | Orc:2    | Bought the +7 Spriggan's Knife {stab, EV+4 Stlth+} for 1971
                  | gold pieces
 23339 | Orc:2    | Found the +7 Spriggan's Knife {stab, EV+4 Stlth+}
 23804 | Snake:2  | Reached skill level 10 in Spellcasting
 23850 | Snake:2  | Found Zugosiuv's Assorted Antiques.
 23855 | Snake:2  | Found Bera's Book Emporium.
 23858 | Snake:2  | Bought a sack of spiders for 920 gold pieces
 23909 | Snake:2  | Reached skill level 1 in Air Magic
 23909 | Snake:2  | Reached skill level 1 in Alchemy
 24017 | Snake:2  | Upgraded the game from 0.31.0-4-g52a2dc7128 to
                  | 0.31.0-9-g3a7656b989
 24034 | Snake:2  | Noticed a nagaraja
 24098 | Snake:2  | Killed a nagaraja
 24628 | Snake:2  | Reached skill level 13 in Stealth
 24985 | Snake:3  | Noticed Jorgrun
 24987 | Snake:3  | Reached skill level 1 in Hexes
 25240 | Shoals:1 | Entered Level 1 of the Shoals
 25337 | Shoals:1 | Reached XP level 17. HP: 91/91 MP: 34/34
 25337 | Shoals:1 | Found a transporter.
 25480 | Shoals:1 | Learned a level 2 spell: Jinxbite
 25554 | Shoals:1 | Found a transporter.
 25558 | Shoals:1 | Identified the +1 pair of boots of the Ecumenical Temple
                  | {rC- MP+9 Str+2 Int+2}
 25560 | Shoals:1 | Noticed Glennnyy's ghost (adept GrFi)
 26262 | Shoals:2 | Learned a level 3 spell: Dazzling Flash
 26345 | Shoals:2 | Noticed a kraken
 26353 | Shoals:2 | Killed a kraken
 26368 | Shoals:2 | Noticed a kraken
 26467 | Shoals:2 | Killed a kraken
 26475 | Shoals:2 | Noticed a kraken
 26491 | Shoals:2 | Noticed a kraken
 26520 | Shoals:2 | Killed a kraken
 26594 | Shoals:2 | Learned a level 5 spell: Silence
 26611 | Shoals:2 | Killed a kraken
 27997 | Shoals:4 | Entered Level 4 of the Shoals
 28013 | Shoals:4 | Reached skill level 10 in Fighting
 28453 | Shoals:4 | Reached skill level 14 in Stealth
 28577 | Shoals:4 | Reached XP level 18. HP: 98/98 MP: 35/35
 28579 | Shoals:4 | Reached skill level 10 in Shields
 28856 | Shoals:4 | Identified the ring of Ephemeral Luck {rPois rF+ rCorr
                  | Int+6}
 28857 | Shoals:4 | Identified the +9 hand axe "Illestrys" {venom, ^Drain rElec
                  | rN+++ Str-4}
 29440 | Shoals:4 | Got a barnacled rune of Zot
 29841 | D:6      | Killed Menkaure
 30093 | Snake:3  | Killed Jorgrun
 30094 | Snake:3  | Reached skill level 5 in Alchemy
 30502 | Snake:3  | Reached skill level 5 in Hexes
 30897 | Snake:3  | Found Jymuh's Book Shop.
 30897 | Snake:3  | Found Baffetur's Jewellery Shoppe.
 30898 | Snake:3  | Found Ezelorr's Book Shop.
 31011 | Snake:3  | Noticed Louise
 31038 | Snake:3  | Killed Louise
 31464 | Snake:4  | Entered Level 4 of the Snake Pit
 31722 | Snake:4  | Reached skill level 15 in Stealth
 31766 | Snake:4  | Reached skill level 10 in Dodging
 31819 | Snake:4  | Reached XP level 19. HP: 96/103 MP: 32/37
 32259 | Snake:4  | Gained mutation: You are frail. (-10% HP) [you]
 32374 | Snake:4  | Got a serpentine rune of Zot
 32818 | Elf:1    | Entered Level 1 of the Elven Halls
 33211 | Elf:1    | Noticed Frances
 33231 | Elf:1    | Killed Frances
 34136 | Elf:2    | Found Tatt's Antique Weapon Shoppe.
 34141 | Elf:2    | Found Osowumn's Jewellery Emporium.
 34307 | Elf:2    | Found a shimmering altar of Xom.
 34593 | Elf:2    | Found a runed translucent gate.
 34667 | Elf:2    | Found a runed translucent gate.
 34667 | Elf:2    | Found a runed translucent gate.
 34783 | Elf:3    | Entered Level 3 of the Elven Halls
 34927 | Elf:3    | Found a transporter.
 34938 | Elf:3    | Found a bloodstained altar of Trog.
 34938 | Elf:3    | Identified the staff "Goblinbane" {rElec rPois Int+8
                  | Alchemy}
 34942 | Abyss:3  | Cast into level 3 of the Abyss (+2 halberd of distortion)
 35151 | Abyss:4  | Reached skill level 16 in Stealth
 35155 | Abyss:4  | Found a corrupted altar of Lugonu.
 35285 | Abyss:4  | Found a corrupted altar of Lugonu.
 35291 | Abyss:4  | Reached XP level 20. HP: 89/98 MP: 32/39
 35347 | Abyss:4  | Got an abyssal rune of Zot
 35394 | Abyss:4  | Found a corrupted altar of Lugonu.
 35494 | Elf:3    | Escaped the Abyss
 35852 | Elf:3    | Identified the +0 hand axe of the Glowing Sybil {heavy,
                  | Dex+3}
 35888 | Elf:3    | Identified the +3 orcbow of Tension {antimagic, Dex+6}
 35889 | Elf:3    | Identified the +2 dire flail of Optimality {heavy, rPois
                  | Will++ Str+4}
 35951 | Elf:3    | Identified the ring of Secrets {rElec rF+ rN++ rCorr Str-5}
 36095 | Elf:3    | Identified the +0 chain mail "Deixan" {Slay+2}
 36288 | Elf:3    | Found a transporter.
 36288 | Elf:3    | Noticed Zero's ghost (veteran GrBe)
 36985 | Slime:1  | Entered Level 1 of the Pits of Slime
 36987 | Slime:1  | Gained mutation: You occasionally lose the ability to drink
                  | potions when taking damage. [a shining eye]
 37148 | Slime:1  | Learned a level 2 spell: Blink
 37156 | Slime:1  | Learned a level 7 spell: Enfeeble
 37164 | Lair:4   | Lost mutation: You are frail. (-10% HP) [potion of
                  | mutation]
 37164 | Lair:4   | Lost mutation: You occasionally lose the ability to drink
                  | potions when taking damage. [potion of mutation]
 37164 | Lair:4   | Gained mutation: You are frail. (-10% HP) [potion of
                  | mutation]
 37164 | Lair:4   | Lost mutation: You are frail. (-10% HP) [potion of
                  | mutation]
 37795 | D:13     | Learned a level 5 spell: Irradiate
 37833 | D:13     | Found a hide-covered altar of Uskayaw.
 39095 | D:14     | Found a gate to the Vaults.
 39555 | D:15     | Entered Level 15 of the Dungeon
 40081 | D:15     | Found a shadowy altar of Dithmenos.
 40199 | D:15     | Found a staircase to the Depths.
 40672 | Vaults:1 | Entered Level 1 of the Vaults
 40720 | Vaults:1 | Reached XP level 21. HP: 115/115 MP: 37/40
 40852 | Vaults:1 | Reached skill level 17 in Stealth
 40861 | Vaults:1 | Reached skill level 10 in Armour
 41347 | Vaults:1 | Found a runed translucent gate.
 41347 | Vaults:1 | Found a runed translucent gate.
 41347 | Vaults:1 | Found a runed translucent gate.
 41347 | Vaults:1 | Noticed Angmar's ghost (veteran DrAE)
 41350 | Vaults:1 | Identified the +0 helmet of Ihuagej {rC- Regen+ Slay+3}
 41393 | Vaults:1 | Identified the ring "Naj Zargh" {rF+ Dex+4}
 42192 | Vaults:1 | Found a viscous altar of Jiyva.
 42349 | Vaults:2 | Found Komeon's Jewellery Emporium.
 42717 | Vaults:2 | Identified the +8 short sword of Doubt {freeze, Str+3}
 42884 | Vaults:2 | Found Lojesol's Assorted Antiques.
 42887 | Vaults:2 | Bought 2 scrolls labelled GELOGA MEMM for 82 gold pieces
 42889 | Vaults:2 | Bought a wand of acid (4) for 688 gold pieces
 42889 | Vaults:2 | Bought a scroll of teleportation for 123 gold pieces
 42889 | Vaults:2 | Bought a scroll of fear for 164 gold pieces
 42889 | Vaults:2 | Bought a potion of haste for 410 gold pieces
 42889 | Vaults:2 | Bought a scroll of vulnerability for 164 gold pieces
 43444 | Vaults:2 | Identified the +2 dagger of Anguish {pain, rPois rN++
                  | Dex+4}
 44042 | Vaults:3 | Reached XP level 22. HP: 107/121 MP: 36/42
 44328 | Vaults:3 | Gained mutation: You sometimes lose your temper in combat.
                  | [you]
 44609 | Vaults:3 | Noticed Jory
 44659 | Vaults:3 | Killed Jory
 44798 | Vaults:3 | Reached skill level 18 in Stealth
 44799 | Vaults:3 | Reached skill level 10 in Alchemy
 44980 | Vaults:3 | Found a staircase to the Crypt.
 44980 | Vaults:3 | Found a basalt altar of Yredelemnul.
 44981 | Vaults:3 | Found an ancient bone altar of Kikubaaqudgha.
 45799 | Vaults:4 | Reached skill level 10 in Hexes
 46049 | Vaults:4 | Gained mutation: You are dopey. (Int -2) [you]
 46473 | Vaults:4 | Found Xewkeuh's Weapon Shoppe.
 46578 | Vaults:4 | Noticed Sojobo
 46593 | Vaults:4 | Killed Sojobo
 46738 | Vaults:4 | Identified the ring "Binnu" {+Blink Fly rCorr Str+6 Slay-6}
 47081 | Vaults:5 | Entered Level 5 of the Vaults
 47081 | Vaults:5 | Identified the orb "Hipiuhoh" {*channel, Fire Air}
 47081 | Vaults:5 | Noticed Frederick
 47389 | Vaults:5 | Lost mutation: You are dopey. (Int -2) [potion of mutation]
 47389 | Vaults:5 | Lost mutation: You sometimes lose your temper in combat.
                  | [potion of mutation]
 47389 | Vaults:5 | Gained mutation: You have sharp toenails. [potion of
                  | mutation]
 47389 | Vaults:5 | Gained mutation: You are strong-willed. (Will+) [potion of
                  | mutation]
 47389 | Vaults:5 | Gained mutation: You are highly strong-willed. (Will++)
                  | [potion of mutation]
 47790 | Vaults:5 | Reached XP level 23. HP: 126/126 MP: 36/44
 47876 | Vaults:5 | Identified the +1 leather armour of Theory {Regen+ Dex+3}
 47905 | Vaults:5 | Killed Frederick
 48026 | Vaults:5 | Got a silver rune of Zot
 48642 | Vaults:5 | Noticed a golden dragon
 48701 | Vaults:5 | Killed a golden dragon
 48738 | Vaults:5 | Reached skill level 19 in Stealth
 49059 | Vaults:5 | Noticed a golden dragon
 49114 | Vaults:5 | Killed a golden dragon
 49241 | Vaults:5 | Found the +3 giant club "Skullcrusher" {speed, Str+7}
 49467 | Vaults:5 | Noticed Saint Roka
 49475 | Vaults:5 | Killed Saint Roka
 50134 | Vaults:5 | Identified the +1 broad axe "Overri" {flame, rElec Dex+2}
 50134 | Vaults:5 | Found the +5 Storm Queen's Shield {shock, Fly rElec}
 50272 | Vaults:5 | Noticed a golden dragon
 50278 | Vaults:5 | Killed a golden dragon
 50364 | Vaults:5 | Reached skill level 15 in Spellcasting
 50752 | Depths:1 | Entered Level 1 of the Depths
 50868 | Depths:1 | Reached XP level 24. HP: 133/133 MP: 41/44
 51046 | Depths:1 | Found a shimmering blue altar of Sif Muna.
 51081 | Depths:1 | Noticed a caustic shrike
 51092 | Depths:1 | Killed a caustic shrike
 51111 | Depths:1 | Noticed a caustic shrike
 51118 | Depths:1 | Identified the +5 broad axe of the Lesser Evil {flame,
                  | *Noise Str+3 Int+2}
 51224 | Depths:1 | Found a one-way gate leading to the halls of Pandemonium.
 51255 | Depths:1 | Killed a caustic shrike
 51525 | Depths:1 | Found a gateway to Hell.
 51556 | Depths:1 | Identified the +1 ring mail of Cyor {Will+}
 51761 | Depths:1 | Acquired 782 gold pieces
 51781 | Depths:2 | Found Idilomem's Book Shop.
 51863 | Depths:2 | Found a one-way gateway to a ziggurat.
 52163 | Depths:2 | Found a runed translucent door.
 52175 | Depths:2 | Identified the ring "Ciohuv" {Ice Int+2}
 52182 | Depths:2 | Identified the ring of the Wild Haggis {rElec Str+6 Int+4}
 52296 | Depths:2 | Identified the ring of Tomorrow {Ice MP+9 Dex+4}
 52546 | Depths:2 | Identified the ring "Nuyptiynn" {Ice Dex+5}
 52822 | Depths:2 | Found a glowing golden altar of the Shining One.
 53096 | Depths:3 | Reached skill level 20 in Stealth
 53138 | Depths:3 | Found a one-way gate to the infinite horrors of the Abyss.
 53583 | Depths:3 | Identified the +2 leather armour "Zostox" {Str+6 Dex+3
                  | Slay+4}
 53647 | Depths:3 | Noticed a juggernaut
 53655 | Depths:3 | Killed a juggernaut
 54222 | Depths:3 | Reached XP level 25. HP: 131/139 MP: 37/45
 54532 | Depths:4 | Entered Level 4 of the Depths
 54722 | Depths:4 | Found a gate to the Realm of Zot.
 54772 | Depths:4 | Learned a level 7 spell: Haunt
 54873 | Depths:4 | Reached skill level 1 in Summonings
 55037 | Depths:4 | Reached skill level 15 in Fighting
 56056 | Slime:5  | Entered Level 5 of the Pits of Slime
 56273 | Slime:5  | Found a viscous altar of Jiyva.
 56274 | Slime:5  | Identified Syskeynong's Almanac of Breath
 56276 | Slime:5  | Identified Wiygoopp's Lectures on the Volley
 56277 | Slime:5  | Identified the +1 leather armour of Inquiry {rElec Dex+5}
 56278 | Slime:5  | Identified the +10 arbalest of Discomfort {flame, ^Fragile
                  | rElec rCorr Dex-5}
 56278 | Slime:5  | Identified the +10 longbow "Titasara" {drain, Will++ Str+4
                  | Dex-4}
 56556 | Slime:5  | Noticed the Royal Jelly
 57189 | Slime:5  | Killed the Royal Jelly
 57190 | Slime:5  | Reached skill level 5 in Summonings
 57438 | Slime:5  | Got a slimy rune of Zot
 57712 | D:8      | Bought the +9 rapier of Insufficient Pleasure {heavy, rF+
                  | rCorr} for 1148 gold pieces
 57969 | Zot:1    | Entered Level 1 of the Realm of Zot
 58253 | Zot:1    | Identified the orb "Irasethi" {light, rF+ SInv Earth}
 58975 | Zot:2    | Reached XP level 26. HP: 139/144 MP: 44/46
 59222 | Zot:2    | Found a broken altar of Ashenzari.
 59536 | Zot:2    | Paralysed by you for 1 turns
 59814 | Zot:2    | Identified the Precepts of the Pyre
 59934 | Zot:2    | Found the +4 dragonskin cloak
 59934 | Zot:2    | Noticed Tiamat
 59934 | Zot:2    | Identified the staff of Avocerphu {^Drain rC+ Int+2 Dex+4
                  | Ice}
 60184 | Zot:2    | Killed Tiamat
 60300 | Zot:2    | Identified the +1 hand axe of Butchery {drain, Int+4
                  | Stlth+}
 60301 | Zot:2    | Identified the +9 arbalest "Pamutetz" {heavy, Dex+3}
 60336 | Zot:2    | Identified the +7 short sword "Kana" {freeze, rF+ Int+3}
 60975 | Zot:3    | Learned a level 4 spell: Vhi's Electric Charge
 61103 | Zot:3    | Reached skill level 1 in Translocations
 61238 | Zot:3    | Reached skill level 10 in Necromancy
 61891 | Zot:4    | Reached skill level 5 in Air Magic
 62050 | Zot:4    | Reached XP level 27. HP: 148/149 MP: 47/47
 62694 | Zot:5    | Entered Level 5 of the Realm of Zot
 62806 | Zot:5    | Identified the +7 plate armour of Joy {Rampage Dex+3
                  | Slay-3}
 62856 | Zot:5    | Reached skill level 5 in Translocations
 63378 | Zot:5    | Gained mutation: You are clumsy. (Dex -2) [you]
 63507 | Zot:5    | Noticed a dread lich
 63519 | Zot:5    | Killed a dread lich
 63528 | Zot:5    | Noticed an orb of fire
 63658 | Zot:5    | Killed an orb of fire
 63659 | Zot:5    | Reached skill level 10 in Summonings
 63702 | Zot:5    | Noticed an orb of fire
 63712 | Zot:5    | Noticed a dread lich
 63713 | Zot:5    | Noticed an orb of fire
 63737 | Zot:5    | Noticed a dread lich
 63749 | Zot:5    | Noticed an orb of fire
 63815 | Zot:4    | Gained mutation: Your spells are a little easier to cast,
                  | but a little less powerful. [an orb of fire]
 63819 | Zot:4    | Gained mutation: Armour fits poorly on your strangely
                  | shaped body. [an orb of fire]
 63821 | Zot:4    | Killed an orb of fire
 63822 | Zot:4    | Lost mutation: You have sharp toenails. [potion of
                  | mutation]
 63822 | Zot:4    | Lost mutation: You are highly strong-willed. (Will++)
                  | [potion of mutation]
 63822 | Zot:4    | Gained mutation: Your health recovers twice as slowly from
                  | being drained. [potion of mutation]
 63822 | Zot:4    | Gained mutation: You have a somewhat thin skeletal
                  | structure. (Dex +2, Stealth+) [potion of mutation]
 63823 | Zot:4    | Lost mutation: Your health recovers twice as slowly from
                  | being drained. [potion of mutation]
 63823 | Zot:4    | Lost mutation: Armour fits poorly on your strangely shaped
                  | body. [potion of mutation]
 63823 | Zot:4    | Lost mutation: You are strong-willed. (Will+) [potion of
                  | mutation]
 63823 | Zot:4    | Gained mutation: Your muscles are strong. (Str +4, Int/Dex
                  | -1) [potion of mutation]
 63844 | Zot:5    | Noticed an ancient lich
 63866 | Zot:5    | Killed an ancient lich
 63875 | Zot:5    | Killed an orb of fire
 63976 | Zot:5    | Noticed an orb of fire
 63988 | Zot:5    | Killed an orb of fire
 64002 | Zot:5    | Noticed an orb of fire
 64007 | Zot:5    | Lost mutation: Your muscles are strong. (Str +4, Int/Dex
                  | -1) [an orb of fire]
 64021 | Zot:5    | Gained mutation: You are dopey. (Int -2) [an orb of fire]
 64122 | Zot:4    | Lost mutation: Your spells are a little easier to cast, but
                  | a little less powerful. [potion of mutation]
 64122 | Zot:4    | Lost mutation: You are clumsy. (Dex -2) [potion of
                  | mutation]
 64122 | Zot:4    | Gained mutation: Your spells are a little easier to cast,
                  | but a little less powerful. [potion of mutation]
 64122 | Zot:4    | Gained mutation: Your flesh is heat resistant. (rF+)
                  | [potion of mutation]
 64122 | Zot:4    | Gained mutation: You expend magic power (3 MP) to
                  | strengthen your wands. [potion of mutation]
 64127 | Zot:4    | Gained mutation: Your body sometimes deteriorates upon
                  | taking damage. [an orb of fire]
 64136 | Zot:4    | Gained mutation: You are weak. (Str -2) [an orb of fire]
 64137 | Zot:4    | Killed an orb of fire
 64156 | Zot:4    | Killed a dread lich
 64293 | Zot:5    | Noticed an orb of fire
 64302 | Zot:4    | Killed a dread lich
 64473 | Zot:5    | Killed an orb of fire
 64686 | Zot:5    | Noticed an orb of fire
 64707 | Zot:5    | Noticed an ancient lich
 64714 | Zot:5    | Gained mutation: You are very weak. (Str -4) [an orb of
                  | fire]
 64720 | Zot:5    | Gained mutation: You are very dopey. (Int -4) [an orb of
                  | fire]
 64721 | Zot:5    | Killed an ancient lich
 64723 | Zot:5    | Killed an orb of fire
 64880 | Zot:5    | Identified the +10 arbalest of Ysut {heavy, rC+ Dex+3}
 65052 | Zot:5    | Lost mutation: You are very dopey. (Int -4) [potion of
                  | mutation]
 65052 | Zot:5    | Lost mutation: You are very weak. (Str -4) [potion of
                  | mutation]
 65052 | Zot:5    | Gained mutation: Your system is resistant to poisons.
                  | (rPois) [potion of mutation]
 65052 | Zot:5    | Gained mutation: You have sharp toenails. [potion of
                  | mutation]
 65053 | Zot:5    | Lost mutation: Your system is resistant to poisons. (rPois)
                  | [potion of mutation]
 65053 | Zot:5    | Lost mutation: You expend magic power (3 MP) to strengthen
                  | your wands. [potion of mutation]
 65053 | Zot:5    | Lost mutation: Your body sometimes deteriorates upon taking
                  | damage. [potion of mutation]
 65053 | Zot:5    | Gained mutation: Your magical capacity is low. (-10% MP)
                  | [potion of mutation]
 65053 | Zot:5    | Gained mutation: You have razor-sharp toenails. [potion of
                  | mutation]
 65054 | Zot:5    | Lost mutation: You have a somewhat thin skeletal structure.
                  | (Dex +2, Stealth+) [potion of mutation]
 65054 | Zot:5    | Lost mutation: Your spells are a little easier to cast, but
                  | a little less powerful. [potion of mutation]
 65054 | Zot:5    | Gained mutation: Your body sometimes deteriorates upon
                  | taking damage. [potion of mutation]
 65054 | Zot:5    | Gained mutation: Your magical capacity is very low. (-20%
                  | MP) [potion of mutation]
 65054 | Zot:5    | Gained mutation: You are somewhat resistant to further
                  | mutation. [potion of mutation]
 65068 | Zot:5    | Got the Orb of Zot
 65694 | D:$      | Escaped with the Orb!

Illustrated notes

Levels and vault maps discovered:
D:1:      lemuel_arrival_hallway, layout_loops_ring
D:2:      layout_loops_ring
D:3:      layout_basic, lightli_temple_of_fire, grunt_temple_overflow_diamond,
          portal_sewer_entry_d, nicolae_shop_unique_rings, nicolae_half_adder
D:4:      layout_rooms
D:5:      layout_loops_cross, mainiacjoe_overflow_24_doors, ldierk_geyser,
          uniq_sigmund
D:6:      layout_basic, mainiacjoe_overflow_boulevard,
          minmay_temple_entry_butterflies, uniq_menkaure, uniq_grinder
D:7:      layout_basic, old_standard_altar, riverfiend_overflow_shadow_ancestor,
          uniq_duvessa, uniq_crazy_yiuf_cottage, uniq_maggie
D:8:      minmay_polygon_palace, layout_loops_ring, elyvilon_altar_4,
          serial_shops, nicolae_shop_scrapyard, uniq_prince_ribbit1, uniq_psyche
D:9:      minmay_chambers_of_sixes, layout_rooms,
          lemuel_zombie_altar_kikubaaqudgha, nemelex_altar_shiori,
          dpeg_lair_monsters, serial_bayou_lagoon_a
D:10:     layout_basic, nicolae_ru_awakened_eye,
          mainiacjoe_overflow_six_doors_small, orc_0_dummy, serial_shops,
          nicolae_shop_tiny_real_fake_doors
D:11:     layout_rooms
D:12:     layout_roguey, guppyfry_shop_earth
D:13:     layout_long_grid, nicolae_uskayaw_murder_on_the_dancefloor
D:14:     layout_layer_cave, skrybe_vaults_entry_preservation
D:15:     grunt_enter_depths_magical_seal, layout_long_grid,
          grunt_dithmenos_shadows, minmay_misc_feat_columns
Temple:   nicolae_temple_godpark
Lair:1:   layout_roguey, pdpol_lair_cavern_descent
Lair:2:   layout_cave_shapes, infiniplex_staircase_pool_2, grunt_megastairs_3,
          lemuel_fruit_tree
Lair:3:   layout_regular_city, minmay_shoals_entry_beasts,
          minmay_snake_entry_guardpost_small, fungi_pond_lemuel,
          bh_autumn_forest_stairs, kennysheep_basilisk_garden
Lair:4:   lemuel_reptile_caves, layout_misc_corridors, slime_entry_1,
          serial_bayou_shore_b
Lair:5:   grunt_lair_end_beastmaster, layout_long_grid,
          infiniplex_staircase_pool, serial_bayou_shore_b, serial_bayou_shore_b
Shoals:1: layout_shoals, gammafunk_ghost_berserking_beasts
Shoals:2: layout_shoals, nicolae_shoals_kraken_party
Shoals:3: layout_shoals
Shoals:4: shoals_end_grunt_garden, layout_shoals, nicolae_tricolors
Snake:1:  layout_grid_shapes, uniq_aizul, uniq_rupert, uniq_azrael
Snake:2:  layout_grid_maze, grunt_megastairs_4, minmay_shop_star
Snake:3:  layout_onion, drop_trap, nicolae_snake_herptile_family_reunion,
          minmay_shop_grove, uniq_jorgrun, uniq_louise
Snake:4:  minmay_snake_end_coiled, layout_rooms, grunt_ministairs_7
Slime:1:  layout_caves
Slime:2:  layout_caves
Slime:3:  layout_caves
Slime:4:  layout_caves, cheibrodos_slime_lost_civilization_5
Slime:5:  slime_pit
Orc:1:    layout_caves, uniq_josephine
Orc:2:    st_orc_ogre_mass, layout_diamond_mine
Elf:1:    layout_loops_cross, kennysheep_underground_church, grunt_ministairs_5,
          st_stairs_12, uniq_frances
Elf:2:    nicolae_elf_blades_crystal_corner, layout_rooms, basic_altar,
          minmay_shoptagon
Elf:3:    minmay_elf_hall_statues, layout_loops_corners,
          gammafunk_ghost_wrathful_warriors
Vaults:1: gammafunk_ghost_ooze, nicolae_vaults_mush_room, v_misc_22,
          vaults_room_hallway, grunt_vaults_swirl, nicolae_vaults_little_ls,
          grunt_vaults_hallway_long, nicolae_vaults_turnstiles,
          nicolae_vaults_theta, nicolae_vaults_little_squares_1,
          nicolae_vaults_trapezoid_2, nicolae_vaults_ninety_degrees,
          ontoclasm_vaults_fault, nicolae_vaults_shelves_hall,
          nicolae_vaults_asterisk, nicolae_vaults_cochlea, layout_vaults_omnibox
Vaults:2: vaults_mumra_chevron, nicolae_vaults_stepped_doors,
          vaults_room_fancy_cross, grunt_vaults_diagonal, v_misc_12, v_misc_5,
          vaults_room_corners, grunt_vaults_bifocal, v_misc_33, st_cells,
          layout_vaults_omnigrid, serial_shops,
          nicolae_shop_tiny_real_fake_doors, shop
Vaults:3: v_misc_11, minmay_crypt_entry_necro_gods,
          nicolae_vaults_layer_cake_slice, nicolae_vaults_diagonal_hallway_8,
          nicolae_vaults_bisected_slash, nicolae_vaults_octothorpe,
          nicolae_vaults_alarming, nicolae_vaults_tetromino_T_2,
          ontoclasm_vaults_spin, v_misc_2, nicolae_vaults_more_shelving_2,
          nicolae_vaults_tetromino_T_1, layout_vaults_chaotic_city, uniq_jory
Vaults:4: nicolae_vaults_tetromino_T_2, nicolae_vaults_two_Ls,
          nicolae_vaults_meiosis, grunt_vaults_focal, hangedman_vaults_slither,
          hangedman_vaults_variations, st_diamondy, v_misc_28,
          nicolae_vaults_trapezoid_lopsided_1, nicolae_vaults_tetromino_L_2,
          layout_vaults_ring, serial_shops, nicolae_shop_real_fake_doors,
          uniq_sojobo
Vaults:5: serial_shops, uniq_frederick, uniq_saint_roka
Depths:1: layout_gridville, grunt_pan_entry_spiral, pf_hell_entry_tar_spiral,
          lemuel_statue_altar, hangedman_aviary, grunt_megastairs_2,
          serial_bayou_shore_b
Depths:2: minmay_the_grid_triangle_9x9_rhombus_full_mashed
          [minmay_the_grid_triangle_9x9_limited_checkers,
          minmay_the_grid_triangle_9x9_subtriangle,
          minmay_the_grid_triangle_9x9_stretched_checkered,
          minmay_the_grid_triangle_9x9_corruption,
          minmay_the_grid_triangle_9x9_semitri,
          minmay_the_grid_triangle_9x9_flanged_cone,
          minmay_the_grid_triangle_9x9_corrupted_corridor,
          minmay_the_grid_triangle_9x9_prize_special], layout_basic,
          enter_ziggurat_f, hell_entry, rand_demon_pan_entry_1, serial_shops,
          shop, nicolae_tso_carved_into_rock, kennysheep_generic_room_14
Depths:3: nzn_winding_woodlands_medium [nzn_winding_woodlands_5x5_perimeter,
          nzn_winding_woodlands_5x15_lazy_stream,
          nzn_winding_woodlands_5x5_checkerboard,
          nzn_winding_woodlands_5x5_three,
          nzn_winding_woodlands_center_pierced_h,
          nzn_winding_woodlands_5x5_closed_star,
          nzn_winding_woodlands_5x5_cross, nzn_winding_woodlands_5x15_zeroes,
          nzn_winding_woodlands_5x5_open_star], layout_gridville, hellmouth_1,
          rand_demon_pan_entry_7, abyss_entry, nrook_campfire, drop_trap,
          kennysheep_random_hallway, uniq_margery
Depths:4: grunt_crosshair, layout_basic, hangedman_decor_opposing,
          grunt_mini_vestibule
Zot:1:    evilmike_crystal_ball_defense, layout_misc_corridors
Zot:2:    gammafunk_mikee_crab_dinner, layout_misc_corridors,
          regret_index_zotdec_iron_s, st_grand_hoard_of_tiamat
Zot:3:    layout_basic
Zot:4:    layout_gridlike, regret_index_zotdec_carving_tricks
Zot:5:    layout_onion

Skill      XL: |  1  2  3  4  5  6  7  8  9 10 11 12 13 14 15 16 17 18 19 20 21 22 23 24 25 26 27 |
---------------+----------------------------------------------------------------------------------+-----
Stealth        | 3 4 5 6 7 8 9 11 12 13 14 15 16 17 18 19 20 | 20.6
Fighting       | 1 2 3 4 5 6 7 8 9 10 11 12 13 14 15 | 15.0
Short Blades   | 1 2 3 4 5 9 11 12 14 | 14.0
Dodging        | 2 3 4 5 6 7 8 9 10 11 12 13 | 13.7
Shields        | 1 2 3 4 5 6 7 8 9 10 11 12 13 14 | 14.4
Conjurations   | 1 3 5 6 7 |  7.3
Earth Magic    | 1 2 3 4 5 |  5.5
Spellcasting   | 3 4 5 6 7 8 9 10 11 12 13 14 15 16 18 | 18.0
Necromancy     | 5 6 7 9 11 14 | 14.5
Evocations     | 1 2 3 4 |  4.9
Armour         | 1 2 4 5 6 7 8 9 10 11 12 | 12.7
Air Magic      | 2 5 8 |  8.6
Alchemy        | 2 4 6 7 8 9 10 11 12 | 12.6
Hexes          | 1 4 6 7 8 9 10 11 12 13 | 13.6
Summonings     | 7 9 11 | 11.3
Translocations | 3 8 |  8.0

Action                     |  1- 3 |  4- 6 |  7- 9 | 10-12 | 13-15 | 16-18 | 19-21 | 22-24 | 25-27 || total
---------------------------+-------+-------+-------+-------+-------+-------+-------+-------+-------++-------
  Melee: Dagger            |    36 |   121 |   504 |   336 |       |       |       |       |       ||   997
         Bite              |    11 |    40 |   171 |   325 |   612 |   664 |   705 |  1046 |  1832 ||  5406
         Quick blade       |       |       |       |   442 |  1334 |   464 |       |       |  2421 ||  4661
         Knife             |       |       |       |       |       |  1129 |  1464 |  1809 |   388 ||  4790
         Rapier            |       |       |       |       |       |       |       |       |   102 ||   102
  Throw: Dart              |       |       |       |     2 |       |       |       |       |       ||     2
   Cast: Necrotise         |    27 |    52 |    48 |       |       |       |       |       |       ||   127
         Vampiric Draining |       |     2 |    22 |    12 |    19 |       |       |       |       ||    55
         Sandblast         |       |       |    18 |    11 |     3 |       |       |     6 |       ||    38
         Fugue of the Fall |       |       |     3 |    13 |    21 |     4 |       |       |       ||    41
         Mephitic Cloud    |       |       |       |     1 |    15 |   109 |    47 |    32 |     6 ||   210
         Stone Arrow       |       |       |       |     1 |       |     4 |    20 |       |    14 ||    39
         Martyr's Knell    |       |       |       |       |       |     1 |       |       |       ||     1
         Dazzling Flash    |       |       |       |       |       |    53 |    60 |    27 |       ||   140
         Yara's Violent Un |       |       |       |       |       |     6 |    56 |    31 |    15 ||   108
         Passwall          |       |       |       |       |       |       |     4 |       |     1 ||     5
         Irradiate         |       |       |       |       |       |       |    11 |    17 |    12 ||    40
         Silence           |       |       |       |       |       |       |     4 |       |       ||     4
         Jinxbite          |       |       |       |       |       |       |     3 |     2 |     3 ||     8
         Enfeeble          |       |       |       |       |       |       |     1 |    93 |    41 ||   135
         Blink             |       |       |       |       |       |       |       |       |     2 ||     2
         Haunt             |       |       |       |       |       |       |       |       |    54 ||    54
         Vhi's Electric Ch |       |       |       |       |       |       |       |       |     1 ||     1
 Invoke: Curse Item        |       |       |     2 |     6 |     1 |     2 |     1 |     1 |     2 ||    15
         Shatter the Chain |       |       |       |     1 |       |     3 |     1 |     1 |     1 ||     7
  Evoke: Lightning rod     |       |       |    11 |    10 |       |       |       |       |     4 ||    25
         Wand              |       |       |     3 |    11 |     1 |    11 |    13 |       |    12 ||    51
         Sack of spiders   |       |       |       |       |       |     1 |     1 |     1 |     2 ||     5
         Phantom mirror    |       |       |       |       |       |     1 |     1 |     1 |       ||     3
         Phial of floods   |       |       |       |       |       |       |       |     1 |       ||     1
    Use: Scroll            |     1 |     3 |     4 |     6 |     4 |    16 |    10 |     7 |    15 ||    66
         Potion            |     4 |       |     1 |     1 |     1 |     3 |     7 |     1 |    13 ||    31
   Stab: Sleeping          |    11 |     5 |     8 |    10 |    16 |    31 |    57 |    61 |    41 ||   240
         Invisible         |       |       |     3 |       |    11 |    62 |    66 |    93 |    12 ||   247
         Paralysed         |       |       |     1 |     4 |       |     1 |       |       |       ||     6
         Distracted        |       |       |       |     2 |     2 |    12 |     8 |     8 |    14 ||    46
         Confused          |       |       |       |     8 |    29 |   115 |    69 |    47 |     9 ||   277
         Petrifying        |       |       |       |       |     2 |       |       |       |       ||     2
         Petrified         |       |       |       |       |     2 |       |       |       |       ||     2
 Armour: Robe              |    24 |    81 |   275 |   256 |   297 |     2 |       |       |       ||   935
         Swamp dragon scal |       |       |       |       |       |   528 |   486 |   458 |   655 ||  2127
  Dodge: Dodged            |    20 |    84 |   219 |   242 |   383 |   764 |   726 |   724 |   631 ||  3793
         Repelled          |       |       |       |       |     3 |    38 |    21 |    12 |    36 ||   110
  Block: Buckler           |     8 |    33 |   108 |   179 |   300 |   571 |   556 |   357 |       ||  2112
         Kite shield       |       |       |       |       |       |       |       |   489 |  1088 ||  1577
